[Event "SixDays Budapest IM-A 11-2024"]
[Site "Budapest"]
[Date "2024.11.24"]
[Round "4.5"]
[White "Nemeth, Zalan"]
[Black "Kolimar, Kristof Pal"]
[Result "1/2-1/2"]
[ECO "A13"]
[WhiteElo "2268"]
[BlackElo "2286"]
[Annotator "RC"]
[PlyCount "103"]
[EventDate "2024.11.20"]
[EventType "tourn"]
[EventCountry "HUN"]
[SourceTitle "playchess.com"]
[Source "ChessBase"]
[SourceQuality "1"]
[TimeControl "5400+30"]

1. c4 e6 2. g3 d5 3. Bg2 d4 4. Nf3 Nc6 5. e3 Nh6 6. O-O Nf5 7. e4 Nfe7 8. d3 Ng6 9. h4 h5 10. Bg5 f6 11. Bd2 e5 12. Nh2 Be7 13. Bf3 Nf8 14. Bxh5+ g6 15. Bg4 Bxg4 16. Qxg4 Qd7 17. Qxd7+ Nxd7 18. Rd1 Nc5 19. Be1 a5 20. Na3 Na4 21. Rab1 O-O-O 22. Nc2 f5 23. b3 Nc5 24. exf5 gxf5 25. b4 axb4 26. Nxb4 Nxb4 27. Bxb4 e4 28. Re1 Rhe8 29. Bxc5 Bxc5 30. Rbd1 Rd6 31. Nf3 Ra6 32. Re2 Ra3 33. Ng5 e3 34. Kg2 Rg8 35. fxe3 dxe3 36. Kf3 Bd4 37. Ne6 Be5 38. Nf4 Rg4 39. Nh5 Bd4 40. Rg2 Kd7 41. Nf4 Rg8 42. Nd5 Re8 43. Re2 Ra6 44. Nxe3 Rae6 45. Rde1 Bc3 46. Rd1 Bd4 47. Nxf5 Rxe2 48. Nxd4 Rh2 49. a4 Rf8+ 50. Kg4 Rg8+ 51. Kf3 Rf8+ 52. Kg4 1/2-1/2

[Event "SixDays Budapest IM-A 11-2024"]
[Site "Budapest"]
[Date "2024.11.25"]
[Round "5.1"]
[White "Kolimar, Kristof Pal"]
[Black "To, Nhat Minh"]
[Result "1/2-1/2"]
[ECO "E06"]
[WhiteElo "2286"]
[BlackElo "2314"]
[Annotator "RC"]
[PlyCount "53"]
[EventDate "2024.11.20"]
[EventType "tourn"]
[EventCountry "HUN"]
[SourceTitle "playchess.com"]
[Source "ChessBase"]
[SourceQuality "1"]
[TimeControl "5400+30"]

1. d4 Nf6 2. c4 e6 3. g3 d5 4. Bg2 Be7 5. Nf3 O-O 6. O-O dxc4 7. Qc2 a6 8. a4 Bd7 9. Qxc4 Bc6 10. Bg5 Nbd7 11. Nc3 h6 12. Bxf6 Nxf6 13. Rfd1 a5 14. Qb3 Ra6 15. Ne5 Bxg2 16. Kxg2 Rb6 17. Qc2 Bb4 18. e3 Qe7 19. Na2 c6 20. Rac1 Ra6 21. Qe2 Rd8 22. Qf3 Bd6 23. Nc4 Bc7 24. Nc3 Raa8 25. Ne4 Nxe4 26. Qxe4 Rd5 27. Rd2 1/2-1/2

[Event "SixDays Budapest IM-A 11-2024"]
[Site "Budapest"]
[Date "2024.11.25"]
[Round "5.2"]
[White "Otsuka, Shou"]
[Black "Nemeth, Zalan"]
[Result "0-1"]
[ECO "B47"]
[WhiteElo "2248"]
[BlackElo "2268"]
[Annotator "RC"]
[PlyCount "124"]
[EventDate "2024.11.20"]
[EventType "tourn"]
[EventCountry "HUN"]
[SourceTitle "playchess.com"]
[Source "ChessBase"]
[SourceQuality "1"]
[TimeControl "5400+30"]

1. e4 c5 2. Nf3 e6 3. d4 cxd4 4. Nxd4 Nc6 5. Nc3 Qc7 6. Be2 a6 7. Nxc6 bxc6 8. Qd3 a5 9. Qg3 Qxg3 10. hxg3 Ba6 11. Bxa6 Rxa6 12. g4 Bb4 13. Bd2 Ne7 14. O-O-O d5 15. Rh3 Ng6 16. Rdh1 Nf8 17. g5 f6 18. gxf6 gxf6 19. Bh6 Rg8 20. exd5 Bxc3 21. Rxc3 exd5 22. Re3+ Kf7 23. Bxf8 Kxf8 24. Rxh7 Rxg2 25. Ree7 Rxf2 26. Rc7 Kg8 27. Rhg7+ Kf8 28. Rh7 Kg8 29. Rhd7 Ra8 30. Rxc6 Re8 31. b3 f5 32. a4 f4 33. Rxd5 f3 34. Rxa5 Rf8 35. Rg5+ Kh7 36. Rh5+ Kg7 37. Rg5+ Kh7 38. Rc4 Rf1+ 39. Kb2 Rh1 40. Rc7+ Kh8 41. Rcc5 f2 42. Rcf5 Rxf5 43. Rxf5 f1=Q 44. Rxf1 Rxf1 45. a5 Kg7 46. Ka3 Kf7 47. Kb4 Ke8 48. Kb5 Kd7 49. b4 Kc7 50. Ka6 Rc1 51. Ka7 Rxc2 52. b5 Rb2 53. b6+ Kc6 54. Kb8 Rb5 55. Kc8 Rh5 56. Kb8 Rh7 57. Ka8 Rh5 58. Kb8 Rxa5 59. b7 Kb6 60. Kc8 Rc5+ 61. Kb8 Rc1 62. Ka8 Ra1+ 0-1

[Event "SixDays Budapest IM-A 11-2024"]
[Site "Budapest"]
[Date "2024.11.25"]
[Round "5.3"]
[White "Mahitosh Dey"]
[Black "Fodor, Balazs"]
[Result "1-0"]
[ECO "B32"]
[WhiteElo "2220"]
[BlackElo "2206"]
[Annotator "RC"]
[PlyCount "120"]
[EventDate "2024.11.20"]
[EventType "tourn"]
[EventCountry "HUN"]
[SourceTitle "playchess.com"]
[Source "ChessBase"]
[SourceQuality "1"]
[TimeControl "5400+30"]

1. e4 c5 2. Nf3 Nc6 3. d4 cxd4 4. Nxd4 e5 5. Nb3 Nf6 6. Bg5 Be7 7. Nc3 O-O 8. Bxf6 Bxf6 9. Bc4 a6 10. O-O d6 11. Qd3 Nb4 12. Qe2 Be6 13. Bxe6 fxe6 14. Qc4 Nxc2 15. Qxe6+ Kh8 16. Rad1 Nd4 17. Nxd4 exd4 18. Nd5 Rc8 19. Nxf6 Qxf6 20. Qxf6 Rxf6 21. Rxd4 Kg8 22. Rfd1 Kf8 23. f3 Rc6 24. R1d2 Re6 25. Kf2 Ke7 26. Rb4 b5 27. a4 Re5 28. axb5 axb5 29. Rb3 Rec5 30. Ra3 Rc7 31. Ra6 R7c6 32. Ra7+ Rc7 33. Rxc7+ Rxc7 34. Ke3 Rc4 35. h4 Ke6 36. g4 Rb4 37. g5 g6 38. Kf4 Rb3 39. Rc2 Kd7 40. h5 b4 41. Rd2 Ke6 42. h6 Ke7 43. Kg4 Re3 44. Kf4 Rb3 45. Kg3 Ke6 46. Kf4 Ke7 47. Re2 Kd7 48. Kg4 Rd3 49. f4 Rd1 50. Re3 Rg1+ 51. Kf3 Kc6 52. e5 dxe5 53. Rxe5 Rf1+ 54. Kg3 Rb1 55. Re7 Rxb2 56. Rxh7 b3 57. Rh8 Rb1 58. h7 Rg1+ 59. Kh2 b2 60. Rb8 Kd5 1-0

[Event "SixDays Budapest IM-A 11-2024"]
[Site "Budapest"]
[Date "2024.11.25"]
[Round "5.4"]
[White "Horvath, David"]
[Black "Krishna C R G"]
[Result "0-1"]
[ECO "A53"]
[WhiteElo "2321"]
[BlackElo "2448"]
[Annotator "TA"]
[PlyCount "76"]
[EventDate "2024.11.20"]
[EventType "tourn"]
[EventCountry "HUN"]
[SourceTitle "playchess.com"]
[Source "ChessBase"]
[SourceQuality "1"]
[TimeControl "5400+30"]

1. d4 Nf6 2. c4 d6 3. Nf3 Nbd7 4. Nc3 e5 5. g3 c6 6. Qc2 Be7 7. Bg2 O-O 8. O-O Re8 9. e4 a6 10. a4 a5 11. h3 exd4 12. Nxd4 Nc5 13. Be3 Qc7 14. f4 Bf8 15. g4 g6 {[%emt 0:11:01] White is slightly better.} 16. Rae1 Bg7 17. Kh1 Qb6 18. Bf2 Nfd7 19. Rd1 Qb4 20. b3 Nf8 21. Nce2 Nfe6 22. Be1 Nxd4 23. Nxd4 Qb6 24. Bc3 (24. Bf2 $16) 24... Bd7 $11 25. f5 Rad8 (25... Qd8 $1 $11) 26. f6 ({White should play} 26. Be1 $16) 26... Bf8 27. g5 Re5 {[%emt 0:04:53][%cal Od8e8] ...Rde8! would now be deadly.} 28. Qd2 $2 {[%emt 0:00:29] [#]} (28. Rde1 $11 {and White stays safe.}) 28... Ra8 (28... Nxe4 29. Bxe4 Rxe4 30. Bxa5 Qxd4 31. Qxd4 (31. Bxd8 Qe5 $15) 31... Rxd4 32. Bxd8 $18 (32. Rxd4 Ra8 $18)) (28... Rde8 $1 $19 {has better winning chances.} 29. Bxa5 Qa7) 29. Rfe1 Qc7 (29... Bxh3 $15 30. Bxh3 Nxe4 31. Rxe4 Rxe4) 30. Qf4 $1 Rae8 31. Re2 {[%emt 0:01:05] [#]} Qc8 (31... b5 $1 $17) 32. h4 $2 (32. Bxa5 $2 Bxh3 33. Bf3 Nxe4 34. Rxe4 Rxa5 $19) (32. Re3 $1 $11) 32... Bg4 $19 {[%emt 0:00:33][%cal Oc5e4] ...Nxe4! is the strong threat.} 33. Bf3 Bxf3+ 34. Nxf3 Rxe4 35. Rxe4 Nxe4 36. Be1 Qh3+ 37. Kg1 {[%emt 0:00:27] [#]} d5 $1 {[%emt 0:00:23][%mdl 512] ( -> ...Bd6)} 38. cxd5 (38. c5 Bxc5+) 38... Bd6 {[%emt 0:01:46] Weighted Error Value: White=0.82/Black=0.19 (very precise) .  Loses game:     	White=2     	---        Mistake:       	White=2     	Black=4      Inaccurate:     	White=3     	Black=2      OK:         	White=4     	Black=8      Best:        	White=1     	Black=2      Strong:       	White=1     	---} 0-1

[Event "SixDays Budapest IM-A 11-2024"]
[Site "Budapest"]
[Date "2024.11.25"]
[Round "5.5"]
[White "Semprun Martinez, Fernando"]
[Black "Wang, Hao"]
[Result "0-1"]
[ECO "A40"]
[WhiteElo "2025"]
[BlackElo "2703"]
[Annotator "TA"]
[PlyCount "110"]
[EventDate "2024.11.20"]
[EventType "tourn"]
[EventCountry "HUN"]
[SourceTitle "playchess.com"]
[Source "ChessBase"]
[SourceQuality "1"]
[TimeControl "5400+30"]

1. d4 Nf6 2. c4 e6 3. g3 d5 4. Nf3 Bb4+ 5. Bd2 Be7 6. Bg2 O-O 7. O-O c6 8. Qc2 Nbd7 9. Rd1 b6 10. Bf4 Ba6 {[%emt 0:00:53] E08: Closed Catalan: Main Line: 7 Qc2.} 11. Nbd2 Rc8 12. Rac1 Bb7 $5 {[%emt 0:05:53][%mdl 4] A promising side line.} 13. e4 c5 14. e5 Nh5 $146 ({Predecessor:} 14... Ne8 15. dxc5 Rxc5 16. Qb1 h6 17. Ne1 Rc8 18. cxd5 Rxc1 19. Qxc1 Bxd5 20. Bxd5 exd5 {1-0 Snuggles (2507)-Nods PAL/CSS Freestyle fin 8th rapid 2008 (3)}) 15. Be3 cxd4 16. Bxd4 dxc4 (16... Rc7 $11) 17. Qa4 (17. Nxc4 b5 18. Qb3 Rxc4 $11) (17. Ng5 $1 $16 Bxg5 18. Bxb7) 17... Bc6 $11 18. Qa6 Nc5 19. Bxc5 Bxc5 20. Nxc4 (20. Ne4 $5 Qe7 (20... Bd5 21. Nc3 $16) 21. Nxc5 $14 (21. Qxc4 Bd5 $14)) 20... Bd5 21. Nd6 (21. Qxa7 $2 Ra8 22. Rxd5 exd5 $19 (22... Rxa7 23. Rxd8 Rxd8 24. a3 $17)) 21... Rc7 (21... Bxd6 {simplifies} 22. Rxc8 Qxc8 23. Qxc8 Rxc8 24. exd6 Nf6) 22. Nb5 ({White should try} 22. Ne4 $1 $14) 22... Rd7 {[%emt 0:01:06] [#]} (22... Bxf2+ $1 $11 23. Kxf2 Rxc1 24. Rxc1 Bxf3) 23. Nc3 $1 $16 (23. Nxa7 $2 {perishes.} Qa8 24. Ng5 h6 (24... Qxa7 $2 25. Qxa7 Rxa7 26. Bxd5 $19) (24... Rxa7 $2 25. Qd3 $19) 25. Bxd5 exd5 $19 (25... Qxa7 26. Qxa7 Rxa7 27. Bf3 $15)) 23... Bc6 {[%emt 0:03:45] [#]} 24. a3 (24. Ne1 $1 $16 Bxg2 25. Kxg2) 24... Qc8 (24... Rxd1+ $11 25. Rxd1 Qa8) 25. Qe2 (25. Qxc8 $16 Rxc8 26. Ng5) 25... Rfd8 (25... Rxd1+ $11 26. Rxd1 g6) 26. Rxd7 $14 Qxd7 27. Ng5 Bxg2 28. Rd1 (28. Qxh5 $16 h6 29. Nxf7) 28... Bd5 $11 29. Qxh5 h6 30. Nxd5 exd5 31. Nf3 Qa4 32. Rd2 Qb3 33. Qf5 d4 34. Qd3 (34. Ne1 $1 $14) 34... Qd5 $11 35. b4 Be7 36. Rc2 a5 37. Rc4 Qa8 38. bxa5 ({Of course not} 38. Nxd4 axb4 39. axb4 b5 $15) 38... Qxa5 39. a4 Bc5 40. Nd2 Bb4 41. Nf3 Qxa4 42. Qb1 Qa3 43. Rxd4 Rxd4 44. Nxd4 Bc5 45. Nb3 $1 Qb4 46. Qc2 (46. Qd1 $11 {keeps the balance.}) 46... Qe1+ $17 47. Kg2 Qxe5 48. Qd3 g6 49. h4 (49. Nxc5 $17 Qxc5 (49... bxc5 $2 50. Kf3 $19) 50. h4) 49... h5 $19 50. Nd2 Qd4 51. Qxd4 $2 (51. Qe2) 51... Bxd4 $19 52. Nb3 Bc3 53. Kf3 Kg7 54. g4 hxg4+ 55. Kxg4 f5+ 0-1

[Event "SixDays Budapest IM-A 11-2024"]
[Site "Budapest"]
[Date "2024.11.25"]
[Round "6.2"]
[White "Krishna C R G"]
[Black "Semprun Martinez, Fernando"]
[Result "1-0"]
[ECO "A48"]
[WhiteElo "2448"]
[BlackElo "2025"]
[Annotator "TA"]
[PlyCount "75"]
[EventDate "2024.11.20"]
[EventType "tourn"]
[EventCountry "HUN"]
[SourceTitle "playchess.com"]
[Source "ChessBase"]
[SourceQuality "1"]
[TimeControl "5400+30"]

1. d4 Nf6 2. Nf3 g6 3. Nc3 d5 4. Bf4 Bg7 5. e3 O-O 6. Be2 a6 7. Ne5 c5 8. dxc5 Qa5 9. O-O {[%emt 0:12:49] The position is equal.} Qxc5 10. Bf3 Be6 11. Ne2 Nc6 12. Nxc6 bxc6 13. Nd4 Bd7 14. Be5 Ne8 (14... a5 $11) 15. Nb3 $14 Qa7 16. Bd4 Qc7 (16... Bxd4 {simplifies} 17. exd4 Nd6 18. Qd2 a5) 17. e4 Bxd4 18. Qxd4 e5 19. Qc5 Rc8 20. c3 Nf6 21. Rfe1 Rfe8 22. Rad1 Qb8 23. Qa3 Bg4 (23... Be6 $11) 24. Bxg4 $16 (24. exd5 Bxf3 25. gxf3 cxd5 26. Qxa6 Kg7 $14) 24... Nxg4 25. Qxa6 dxe4 26. Rxe4 Nf6 27. Rb4 {[%emt 0:00:32] White has more active pieces.} Rcd8 28. Re1 Qd6 29. Qc4 Nd5 {[%emt 0:01:19] Prevents Rb6.} 30. Rb7 Qf6 (30... Rb8 $16 {is a better defense.} 31. Nc5 Rxb7 32. Nxb7 Qc7) 31. g3 Ne7 (31... Rb8 $142 32. Rxb8 Rxb8) 32. Nc5 Rd5 33. Ne4 Qf5 (33... Qf3 {was worth a try.} 34. a4 Kh8) 34. a4 $18 {[%emt 0:00:24][%cal Ba2a4,Ba4a5,Ba5a6][%mdl 32] White is clearly winning.} Kg7 {[%emt 0:00:36] [#]} 35. a5 $1 Qe6 (35... Qf3 36. a6) 36. a6 Rd1 37. Qe2 Rd7 38. Nc5 {[%emt 0:00:15] Weighted Error Value: White=0.09 (flawless) /Black=0.32.  Mistake:       	---       	Black=5      Inaccurate:     	White=2     	Black=4      OK:         	White=13    	Black=12     Best:        	White=2     	---        Brilliant:      	White=1     	---} 1-0

[Event "SixDays Budapest IM-A 11-2024"]
[Site "Budapest"]
[Date "2024.11.25"]
[Round "6.3"]
[White "Fodor, Balazs"]
[Black "Horvath, David"]
[Result "1/2-1/2"]
[ECO "A05"]
[WhiteElo "2206"]
[BlackElo "2321"]
[Annotator "RC"]
[PlyCount "40"]
[EventDate "2024.11.20"]
[EventType "tourn"]
[EventCountry "HUN"]
[SourceTitle "playchess.com"]
[Source "ChessBase"]
[SourceQuality "1"]
[TimeControl "5400+30"]

1. Nf3 Nf6 2. b3 d5 3. Bb2 Bf5 4. g3 e6 5. Bg2 Be7 6. d3 h6 7. O-O O-O 8. c4 c6 9. Nbd2 Nbd7 10. Qc2 a5 11. a3 Bd6 12. e4 dxe4 13. Nxe4 Be7 14. Rfd1 Qc7 15. h3 Rfd8 16. Bc3 Nxe4 17. dxe4 Bh7 18. Ne1 c5 19. Qb2 e5 20. Nc2 f6 1/2-1/2

[Event "SixDays Budapest IM-A 11-2024"]
[Site "Budapest"]
[Date "2024.11.25"]
[Round "6.4"]
[White "Nemeth, Zalan"]
[Black "Mahitosh Dey"]
[Result "1/2-1/2"]
[ECO "E64"]
[WhiteElo "2268"]
[BlackElo "2220"]
[Annotator "RC"]
[PlyCount "33"]
[EventDate "2024.11.20"]
[EventType "tourn"]
[EventCountry "HUN"]
[SourceTitle "playchess.com"]
[Source "ChessBase"]
[SourceQuality "1"]
[TimeControl "5400+30"]

1. d4 Nf6 2. c4 g6 3. g3 Bg7 4. Bg2 O-O 5. Nc3 d6 6. Nf3 c5 7. dxc5 dxc5 8. Be3 Qa5 9. O-O Nc6 10. Qb3 Qb4 11. Qxb4 cxb4 12. Nb5 Ng4 13. Bc5 Bxb2 14. Rab1 Bg7 15. Nc7 Rb8 16. h3 b6 17. Bxb4 1/2-1/2

[Event "SixDays Budapest IM-A 11-2024"]
[Site "Budapest"]
[Date "2024.11.25"]
[Round "6.5"]
[White "Kolimar, Kristof Pal"]
[Black "Otsuka, Shou"]
[Result "1-0"]
[ECO "A40"]
[WhiteElo "2286"]
[BlackElo "2248"]
[Annotator "RC"]
[PlyCount "49"]
[EventDate "2024.11.20"]
[EventType "tourn"]
[EventCountry "HUN"]
[SourceTitle "playchess.com"]
[Source "ChessBase"]
[SourceQuality "1"]
[TimeControl "5400+30"]

1. d4 Nf6 2. c4 e6 3. g3 Bb4+ 4. Bd2 a5 5. Bg2 d6 6. e4 e5 7. Ne2 O-O 8. O-O exd4 9. Nxd4 Re8 10. Qc2 Nbd7 11. Nc3 c6 12. Rad1 Ne5 13. b3 Bc5 14. Nf5 Bxf5 15. exf5 h6 16. h3 Qc7 17. Na4 Ba7 18. Bc3 h5 19. Kh1 h4 20. Qd2 Bb8 21. Qg5 hxg3 22. f4 Ned7 23. Rd3 Kh8 24. Rxg3 Rg8 25. Rg4 1-0

[Event "SixDays Budapest IM-A 11-2024"]
[Site "Budapest"]
[Date "2024.11.26"]
[Round "7.1"]
[White "Otsuka, Shou"]
[Black "To, Nhat Minh"]
[Result "0-1"]
[ECO "C67"]
[WhiteElo "2248"]
[BlackElo "2314"]
[Annotator "RC"]
[PlyCount "112"]
[EventDate "2024.11.20"]
[EventType "tourn"]
[EventCountry "HUN"]
[SourceTitle "playchess.com"]
[Source "ChessBase"]
[SourceQuality "1"]
[TimeControl "5400+30"]

1. e4 e5 2. Nf3 Nc6 3. Bb5 Nf6 4. O-O Nxe4 5. Re1 Nd6 6. Nxe5 Be7 7. Bf1 Nxe5 8. Rxe5 O-O 9. d4 Bf6 10. Re2 b6 11. Re1 Bb7 12. a4 a5 13. Bf4 Nf5 14. c3 d6 15. Nd2 Bg5 16. Qg4 Bxf4 17. Qxf4 Nh4 18. Re3 Bc6 19. b3 Ng6 20. Qg3 Re8 21. Rxe8+ Qxe8 22. Bc4 Qe7 23. Nf3 Re8 24. h3 Qf6 25. Re1 Rxe1+ 26. Nxe1 Ne7 27. Qe3 g6 28. Kf1 Kg7 29. Be2 Nf5 30. Qd2 Bd5 31. Bd1 h5 32. Nf3 Bxf3 33. Bxf3 Qe6 34. Bd1 Ne7 35. h4 Qe4 36. g3 Nd5 37. Kg1 Qb1 38. Kh2 Nf6 39. Bc2 Qf1 40. Bf5 Kf8 41. Bh3 Qb1 42. b4 Qb3 43. bxa5 bxa5 44. Qh6+ Kg8 45. Qg5 Kg7 46. Qxa5 Qc2 47. Qa8 d5 48. Kg1 Ne4 49. Bg2 Qxf2+ 50. Kh1 Qe1+ 51. Kh2 Qxg3+ 52. Kg1 Qf2+ 53. Kh2 Qxh4+ 54. Kg1 Qf2+ 55. Kh2 Qf4+ 56. Kg1 Nxc3 0-1

[Event "SixDays Budapest IM-A 11-2024"]
[Site "Budapest"]
[Date "2024.11.26"]
[Round "7.2"]
[White "Mahitosh Dey"]
[Black "Kolimar, Kristof Pal"]
[Result "1-0"]
[ECO "B43"]
[WhiteElo "2220"]
[BlackElo "2286"]
[Annotator "RC"]
[PlyCount "101"]
[EventDate "2024.11.20"]
[EventType "tourn"]
[EventCountry "HUN"]
[SourceTitle "playchess.com"]
[Source "ChessBase"]
[SourceQuality "1"]
[TimeControl "5400+30"]

1. e4 c5 2. Nf3 e6 3. d4 cxd4 4. Nxd4 a6 5. Nc3 b5 6. Bd3 Bb7 7. O-O Nc6 8. Nb3 Qc7 9. f4 d6 10. Be3 Nf6 11. a3 Be7 12. Qe2 O-O 13. g4 Rfe8 14. g5 Nd7 15. Rf3 g6 16. h4 Bf8 17. h5 Bg7 18. Rh3 b4 19. axb4 Nxb4 20. hxg6 hxg6 21. Qh2 Nxd3 22. cxd3 f5 23. Rc1 Qb8 24. Nd4 e5 25. Nf3 exf4 26. Qxf4 fxe4 27. dxe4 Re7 28. Bd4 d5 29. Qh4 Bxd4+ 30. Nxd4 Qe5 31. exd5 Nf8 32. Rf1 Nh7 33. Nf3 Qe3+ 34. Kg2 Bc8 35. Rh2 Rf7 36. Ne4 Raa7 37. Nf6+ Rxf6 38. gxf6 Qe2+ 39. Rf2 Qe3 40. Rh1 Rf7 41. Re1 Qc5 42. Re8+ Nf8 43. Ng5 Qxd5+ 44. Kg1 Qd1+ 45. Rf1 Qg4+ 46. Qxg4 Bxg4 47. Nxf7 Kxf7 48. Re7+ Kg8 49. Rg7+ Kh8 50. Rf2 Bh5 51. Rc2 1-0

[Event "SixDays Budapest IM-A 11-2024"]
[Site "Budapest"]
[Date "2024.11.26"]
[Round "7.3"]
[White "Horvath, David"]
[Black "Nemeth, Zalan"]
[Result "1/2-1/2"]
[ECO "D30"]
[WhiteElo "2321"]
[BlackElo "2268"]
[Annotator "RC"]
[PlyCount "24"]
[EventDate "2024.11.20"]
[EventType "tourn"]
[EventCountry "HUN"]
[SourceTitle "playchess.com"]
[Source "ChessBase"]
[SourceQuality "1"]
[TimeControl "5400+30"]

1. d4 d5 2. c4 e6 3. Nf3 c6 4. e3 Nf6 5. b3 Nbd7 6. Bd3 Bd6 7. Bb2 Qe7 8. Ne5 h5 9. h3 g5 10. Nd2 Bc7 11. Nxd7 Bxd7 12. Qc2 e5 1/2-1/2

[Event "SixDays Budapest IM-A 11-2024"]
[Site "Budapest"]
[Date "2024.11.26"]
[Round "7.4"]
[White "Semprun Martinez, Fernando"]
[Black "Fodor, Balazs"]
[Result "0-1"]
[ECO "B94"]
[WhiteElo "2025"]
[BlackElo "2206"]
[Annotator "RC"]
[PlyCount "88"]
[EventDate "2024.11.20"]
[EventType "tourn"]
[EventCountry "HUN"]
[SourceTitle "playchess.com"]
[Source "ChessBase"]
[SourceQuality "1"]
[TimeControl "5400+30"]

1. e4 c5 2. Nf3 d6 3. d4 cxd4 4. Nxd4 Nf6 5. Nc3 a6 6. Bg5 Nbd7 7. Bc4 Qc7 8. Qe2 b5 9. Bb3 Bb7 10. O-O-O Nc5 11. Nd5 Nxb3+ 12. Nxb3 Nxd5 13. exd5 h6 14. Be3 Rc8 15. Rhe1 g5 16. Bd4 Rg8 17. Bc3 Rg6 18. g4 Qd7 19. Qe4 Rc4 20. Rd4 Rxd4 21. Nxd4 Qc8 22. Nf5 Re6 23. Qd3 Rxe1+ 24. Bxe1 Qc5 25. Ne3 Bg7 26. Bc3 Bxc3 27. Qxc3 Qxc3 28. bxc3 e6 29. dxe6 fxe6 30. c4 bxc4 31. Nxc4 Ke7 32. Ne3 Kf6 33. Kd2 d5 34. Kd3 Ke5 35. c3 Kf4 36. Kd4 Kf3 37. Ke5 Kxf2 38. Nc2 Kf3 39. h3 Kg3 40. Kxe6 Kxh3 41. Kf5 Bc8+ 42. Kg6 Kxg4 43. Ne3+ Kf3 44. Nxd5 g4 0-1

[Event "SixDays Budapest IM-A 11-2024"]
[Site "Budapest"]
[Date "2024.11.26"]
[Round "7.5"]
[White "Wang, Hao(ZJ)"]
[Black "Krishna C R G"]
[Result "1-0"]
[ECO "C18"]
[WhiteElo "2095"]
[BlackElo "2448"]
[Annotator "TA"]
[PlyCount "51"]
[EventDate "2024.11.20"]
[EventType "tourn"]
[EventCountry "HUN"]
[SourceTitle "playchess.com"]
[Source "ChessBase"]
[SourceQuality "1"]
[TimeControl "5400+30"]

1. e4 e6 2. d4 d5 3. Nc3 Bb4 4. e5 c5 5. a3 Bxc3+ 6. bxc3 Qc7 7. Qg4 f5 8. Qh5+ g6 9. Qd1 Bd7 10. a4 Nc6 11. Ne2 (11. dxc5 Qxe5+ (11... Nxe5 12. Bf4 $11) 12. Ne2 Nge7 $11) 11... Rc8 12. g3 {[%emt 0:06:44] White is slightly better.} (12. dxc5 Qxe5 13. Bf4 Qg7 $11) 12... Na5 13. dxc5 Nc4 14. Bg2 Qxc5 15. O-O h6 16. Nf4 Ne7 17. Re1 Kf7 18. g4 fxg4 19. Qxg4 {[%emt 0:01:25][%cal Og2d5] Black must now prevent Bxd5!} Rcf8 20. Rb1 {[%emt 0:06:54] Some like it hot} b6 {[%emt 0:00:34] [#] Loses the game.} (20... Qc8 $11) 21. Bxd5 $1 $18 Ke8 $2 (21... Nxd5 $2 22. Rb5 Qc7 (22... Bxb5 23. Qxe6+ Kg7 24. Qxg6#) (22... Qc6 $2 23. Rxd5 Rhg8 24. Rd4 $18) 23. Rxd5 $18 (23. Qxg6+ Ke7 $11) (23. Nxd5 Qc8 $16)) (21... Qc8 {was worth a try.}) 22. Bxe6 (22. Nxe6 $2 Qxf2+ (22... Nxd5 $2 23. Qxg6+ Ke7 24. Nxc5 $18) (22... Qxd5 23. Nc7+ Kd8 24. e6 $17) 23. Kh1 Qxe1+ $19) 22... Bxe6 23. Qxe6 {[%emt 0:00:12][%cal Ob1b4] Strongly threatening Rb4!} Rf5 24. Re4 (24. Nxg6 {leads to mate.} Qxf2+ 25. Kh1 Qxe1+ 26. Kg2 Qf2+ (26... Nxe5 27. Qxe7#) 27. Kh3 Qf3+ 28. Kh4 Rh5#) (24. Rb5 Qc6 25. Qxc6+ Nxc6 $18) 24... Na5 25. Rb5 (25. Nxg6 $2 {is a self mate.} Qxf2+ 26. Kh1 Qf1#) 25... Qxc3 {[%emt 0:00:02] [#]} (25... Qc6 26. Qxc6+ Naxc6) 26. Nd5 {[%emt 0:02:23] Weighted Error Value: White=0.28 (precise) /Black=0.37.  Mistake:       	---       	Black=3      Inaccurate:     	White=3     	Black=1      OK:         	White=7     	Black=6      Best:        	White=2     	---        Strong:       	White=1     	---} 1-0

[Event "SixDays Budapest IM-A 11-2024"]
[Site "Budapest"]
[Date "2024.11.26"]
[Round "8.2"]
[White "Fodor, Balazs"]
[Black "Wang, Hao(ZJ)"]
[Result "1/2-1/2"]
[ECO "A14"]
[WhiteElo "2206"]
[BlackElo "2095"]
[Annotator "RC"]
[PlyCount "21"]
[EventDate "2024.11.20"]
[EventType "tourn"]
[EventCountry "HUN"]
[SourceTitle "playchess.com"]
[Source "ChessBase"]
[SourceQuality "1"]
[TimeControl "5400+30"]

1. Nf3 d5 2. c4 e6 3. g3 Nf6 4. Bg2 Be7 5. O-O O-O 6. d4 dxc4 7. Qc2 a6 8. a4 Bd7 9. Qxc4 Bc6 10. Nc3 Nbd7 11. Re1 1/2-1/2

[Event "SixDays Budapest IM-A 11-2024"]
[Site "Budapest"]
[Date "2024.11.26"]
[Round "8.3"]
[White "Nemeth, Zalan"]
[Black "Semprun Martinez, Fernando"]
[Result "1/2-1/2"]
[ECO "D78"]
[WhiteElo "2268"]
[BlackElo "2025"]
[Annotator "RC"]
[PlyCount "151"]
[EventDate "2024.11.20"]
[EventType "tourn"]
[EventCountry "HUN"]
[SourceTitle "playchess.com"]
[Source "ChessBase"]
[SourceQuality "1"]
[TimeControl "5400+30"]

1. d4 Nf6 2. c4 g6 3. g3 c6 4. Bg2 d5 5. Nf3 Bg7 6. O-O O-O 7. Nc3 dxc4 8. e4 b5 9. Qe2 Na6 10. a3 Qb6 11. d5 Bb7 12. Be3 Nc5 13. Nd4 cxd5 14. exd5 Rac8 15. Rad1 a6 16. b4 Nd3 17. Ndxb5 Qd8 18. Na7 Ra8 19. Nc6 Qd7 20. Na4 Nxd5 21. Bxd5 Bxc6 22. Nb6 Qb7 23. Bxc6 Qxc6 24. Nxa8 Rxa8 25. Bc5 e5 26. Rxd3 cxd3 27. Qxd3 e4 28. Qc4 Re8 29. Rd1 Bf8 30. Qd5 Qa4 31. Bxf8 Rxf8 32. Ra1 Re8 33. Qd1 Qb5 34. Qd2 Qe5 35. Re1 h5 36. h4 Re6 37. Re3 Qa1+ 38. Kg2 Qe5 39. a4 Rd6 40. Qc3 Qf5 41. Qe1 Rd3 42. Qe2 Qd5 43. Qe1 Rd1 44. Qc3 Kh7 45. Qc7 Rd3 46. Qf4 Rd4 47. b5 axb5 48. axb5 Rb4 49. Kh2 Rxb5 50. Rxe4 Rb1 51. Qf3 Re1 52. Rf4 Qxf3 53. Rxf3 Kg7 54. Kg2 Re2 55. Ra3 Rb2 56. Kf3 Rb4 57. Ke3 Rc4 58. Rd3 Ra4 59. Rd4 Ra6 60. f3 Ra1 61. Kf4 Rf1 62. Rd3 Ra1 63. g4 Ra4+ 64. Kg3 hxg4 65. fxg4 Ra1 66. Re3 Rb1 67. Kf4 Rb4+ 68. Re4 Rxe4+ 69. Kxe4 f5+ 70. gxf5 gxf5+ 71. Kxf5 Kh8 72. Kg6 Kg8 73. h5 Kh8 74. h6 Kg8 75. h7+ Kh8 76. Kh6 1/2-1/2